Map: Ultralove

Players

llllllllllll - Winner!

  • Race: Terran Terran
  • League: Diamond
  • Spawn Location: 1:00

붉은군대

  • Race: Terran Terran
  • League: Diamond
  • Spawn Location: 7:00

VOD

Have the link to the VOD?

Description

Time

  • Played on: April 25, 2025, 8:37 a.m.
  • Length: 2:58
Show
View Real Time Build Order
Export as new Build Order

llllllllllll Terran - Winner!

Build Orders:  

Get SALT Encoding   

  12  0:00  SCV  
  13  0:12  SCV  
  14  0:18  Supply Depot  
  14  0:24  SCV  
  15  0:30  Refinery  
  15  0:40  SCV  
  16  0:50  Barracks  
  16  1:04  Barracks  
  16  1:19  Barracks  
  16  1:36  Refinery  
  16  1:37  Reaper  
  17  1:51  Reaper  
  17  1:53  Orbital Command  
  18  2:06  Reaper  
  19  2:09  Reaper  
  20  2:18  Supply Depot  
  20  2:23  Reaper  
Show
View Real Time Build Order
Export as new Build Order

붉은군대 Terran 

Build Orders: Reaper Expand 

Get SALT Encoding   

  12  0:00  SCV  
  13  0:12  SCV  
  14  0:17  Supply Depot  
  14  0:24  SCV  
  15  0:39  SCV  
  15  0:40  Barracks  
  16  0:46  Refinery  
  16  0:52  SCV  
  17  1:07  SCV  
  18  1:20  SCV  
  19  1:29  Reaper  
  19  1:32  Orbital Command  
  20  1:44  Command Center  
  20  1:55  Supply Depot  
  20  1:57  SCV  
  21  2:06  Refinery  
  21  2:08  Marine  
  22  2:10  SCV  
  23  2:21  Factory  
  23  2:22  SCV  
  24  2:26  Marine  
  25  2:34  SCV  
Tags
 
Matchup
TvT
Race
Terran
Replay Pack
kreditionep2
Spawn Locations
Cross Positions
Add a new tag
Caveats
  • Supply blocks, unpowered buildings, or Contaminate may cause inaccurate times.
  • Supply counts are checked every 10 seconds.